 Dungeon Crawl Stone Soup version 0.23.2 (webtiles) character file.

Game seed: 6740623951112311383

0 Kairos the Skirmisher (level 1, -28/18 HPs)
             Began as a Formicid Abyssal Knight on Apr 9, 2019.
             Was a Follower of Lugonu.
             Blown up by a cacodemon (46 damage)
             ... with a bolt of energy
             ... on level 1 of the Abyss.
             The game lasted 00:04:40 (499 turns).

Kairos the Skirmisher (Formicid Abyssal Knight)      Turns: 499, Time: 00:04:41

Health: -28/18     AC:  3    Str: 16    XL:     1   Next: 0%
Magic:  1/2        EV: 11    Int: 11    God:    Lugonu [*.....]
Gold:   39         SH:  0    Dex: 10    Spells: 0/0 levels left

rFire    . . .     SeeInvis +   a - +1 spear
rCold    . . .     Gourm    .   (no shield)
rNeg     . . .     Faith    .   b - +0 leather armour
rPois    .         Spirit   .   (helmet unavailable)
rElec    .         Reflect  .   (no cloak)
rCorr    .         Harm     .   (no gloves)
MR       .....                  (no boots)
Stlth    +.........             (no amulet)
HPRegen  0.06/turn              (no ring)
MPRegen  0.08/turn              (no ring)

@: no status effects
A: permanent stasis, dig shafts and tunnels, four strong arms, antennae 3, no
potion heal 1
a: Dig, Shaft Self, Depart the Abyss, Renounce Religion


You were on level 1 of the Abyss.
You worshipped Lugonu.
Lugonu was aware of your devotion.
You were hungry.

You visited 0 branches of the dungeon, and saw 0 of its levels.
You visited the Abyss 1 time.

You collected 39 gold pieces.

Inventory:

Hand Weapons
 a - a +1 spear (weapon)
Armour
 b - a +0 leather armour (worn)
 d - a +0 plate armour
Comestibles
 c - a ration


   Skills:
 + Level 3.2 Fighting
 + Level 2.0 Polearms
 + Level 2.1 Armour
 + Level 0.8 Dodging
 + Level 2.1 Invocations


You couldn't memorise any spells.
You didn't know any spells.
Your spell library was empty.

Dungeon Overview and Level Annotations

Branches:
Dungeon (0/15)

Altars:


Innate Abilities, Weirdness & Mutations

You cannot be hasted, slowed, berserked, paralysed or teleported.
You can dig through walls and to a lower floor.
Your four strong arms can wield two-handed weapons with a shield.
You have a pair of large antennae on your head. (SInv)
Potions are less effective at restoring your health.


Message History

Found a mace.
An eye of draining comes into view.
The eye of draining turns its gaze towards you.
Found a ration.
You see here a mace.
Okay, then.
You extend your mandibles.
You dig through the rock wall.
You retract your mandibles.
The eye of draining gazes at you.
You feel your power leaking away.
A cacodemon comes into view.
A large abomination comes into view.
The cacodemon gestures at you.
Strange energies course through your body.
Your system partially rejects the healing effects of potions.
The cacodemon gestures at you. The bolt of energy hits you!!!
Ouch! That really hurt!
You die...

. # X# #. #..# .##. .
#..## . . ## ..... ..
.. . #.. .... ...
........ .#.. #..# ..#
#... # #..#..##..##..##
##...#..#........%.....
.
#...#....##...@.......
#. #.#....#..##..##..##
.#. . .......##..##..##
. .. ###..#.....X.....
#. # #.... ..........
.##..# .#....##2.##..##
### .... ..#).##..##..#
#
#.#..##..##.......2...
# .... ..#
##...........


You could see a cacodemon and a large abomination.

Vanquished Creatures (others)
  2 starspawn tentacles (Abyss:1)
2 creatures vanquished.

Notes
Turn   | Place    | Note
-------+----------+-------------------------------------------
     0 | Abyss:1  | Kairos the Formicid Abyssal Knight began the quest for the
                  | Orb.
     0 | Abyss:1  | Reached XP level 1. HP: 18/18 MP: 2/2
     0 | Abyss:1  | Found a corrupted altar of Lugonu.
    52 | Abyss:1  | Noticed a small abomination
    76 | Abyss:1  | Noticed a chaos spawn
    84 | Abyss:1  | Noticed a spatial vortex
   102 | Abyss:1  | Noticed an ancient zyme
   175 | Abyss:1  | Noticed a large abomination
   179 | Abyss:1  | Noticed a tentacled starspawn
   218 | Abyss:1  | Noticed a spatial maelstrom
   247 | Abyss:1  | Noticed a tentacled starspawn
   257 | Abyss:1  | Noticed a small abomination
   322 | Abyss:1  | Noticed a large abomination
   455 | Abyss:1  | Noticed a tentacled starspawn
   465 | Abyss:1  | Noticed an eye of draining
   492 | Abyss:1  | Noticed a cacodemon
   493 | Abyss:1  | Noticed a large abomination
   498 | Abyss:1  | Gained mutation: Potions are less effective at restoring
                  | your health. [a cacodemon]
   499 | Abyss:1  | Blown up by a cacodemon

Action                   || total
-------------------------++-------
 Abil: Dig               ||    46
  Use: Scroll            ||     1
